 Dungeon Sprint DCSS version 0.28.0-43-g3370ac3207 (webtiles) character file.

Game seed: 13771627625120292266

25 boopmooplesden the Slasher (level 2, -26/29 HPs)
             Began as a Minotaur Berserker on Mar 23, 2022.
             Was a Follower of Trog.
             Annihilated by an ogre
             ... wielding a +0 giant club
              (30 damage)
             ... in the Dungeon (Sprint I: "Red Sonja").
             The game lasted 00:00:13 (60 turns).

boopmooplesden the Slasher (Minotaur Berserker)       Turns: 60, Time: 00:00:13

Health: -26/29     AC:  3    Str: 21    XL:     2   Next: 82%
Magic:  1/1        EV: 12    Int:  4    God:    Trog [*.....]
Gold:   0          SH:  0    Dex:  9    Spells: 1/1 levels left

rFire   . . .      SeeInvis .   a - +0 falchion
rCold   . . .      Faith    .   (no shield)
rNeg    . . .      Spirit   .   j - +0 leather armour
rPois   .          Reflect  .   (helmet restricted)
rElec   .          Harm     .   (no cloak)
rCorr   .          Rampage  .   (no gloves)
Will    .....      NoTele   +   (no boots)
Stlth   +.........              (no amulet)
HPRegen 0.09/turn               (no ring)
MPRegen 0.07/turn               (no ring)

@: on berserk cooldown, slowed, very slow
A: horns 2, retaliatory headbutt
a: Renounce Religion, Berserk


You were in the Dungeon.
You worshipped Trog.
Trog was aware of your devotion.
You visited 1 branch

Inventory:

Hand Weapons
 a - a +0 falchion (weapon)
Armour
 b - a +0 animal skin
 j - a +0 leather armour (worn)
Wands
 i - a wand of iceblast (8)
Scrolls
 h - a scroll of blinking
Potions
 c - a potion of curing
 d - a potion of heal wounds
 e - a potion of haste
 f - 2 potions of magic
 g - a potion of berserk rage


   Skills:
 + Level 5.6 Fighting
 + Level 5.7 Long Blades
 + Level 3.2 Armour
 + Level 2.9 Dodging


You had one spell level left.
You didn't know any spells.
Your spell library was empty.

Dungeon Overview and Level Annotations

Branches:
Dungeon (1/1)

Altars:


Innate Abilities, Weirdness & Mutations

You have a pair of horns on your head.
You reflexively headbutt those who attack you in melee.


Message History

You are too berserk!
Unknown command.
Unknown command.
You start waiting.
You feel your anger nearly subside.
You start waiting.
You are no longer berserk.
You are exhausted.
You feel yourself slow down.
You start waiting.
You feel yourself speed up.
You start removing your armour.
You continue taking off your +0 animal skin. x4
You finish taking off your +0 animal skin.
You start putting on your armour.
You continue putting on your +0 leather armour. x5
You finish putting on your +0 leather armour.
Unknown command.
You start waiting.
You recover from your berserk rage.
You open the door.
A red film seems to cover your vision as you go berserk!
You feel yourself moving faster!
You feel mighty!
An ogre comes into view. It is wielding a +0 giant club.
You feel a strong urge to attack something.
There is an open door here.
You feel your anger nearly subside.
You are no longer berserk.
You are exhausted.
You feel yourself slow down. The ogre barely misses you.
You hit the ogre but do no damage. The ogre closely misses you.
You hit the ogre. Your headbutt misses the ogre.
The ogre is lightly wounded.
The ogre hits you with a +0 giant club!!
Ouch! That really hurt!
* * * LOW HITPOINT WARNING * * *
You hit the ogre. Your headbutt misses the ogre.
The ogre is lightly wounded.
The ogre hits you with a +0 giant club!!
Ouch! That really hurt!
You die...

##########
#<.#..'O.#
#..').#.@+
#..#####+#
#..# #..#
#..# #⌠⌠#
####


You could see an ogre.

Vanquished Creatures
  Ijyb (D)
1 creature vanquished.

Notes
Turn   | Place    | Note
-------+----------+-------------------------------------------
     0 | D        | boopmooplesden the Minotaur Berserker began the quest for
                  | the Orb.
     0 | D        | Reached XP level 1. HP: 19/19 MP: 0/0
     1 | D        | Noticed Ijyb
     5 | D        | Killed Ijyb
     6 | D        | Reached skill level 5 in Fighting
     6 | D        | Reached skill level 5 in Long Blades
     6 | D        | Reached XP level 2. HP: 29/29 MP: 1/1
    55 | D        | Noticed an ogre
    60 | D        | Annihilated by an ogre

Illustrated notes

Levels and vault maps discovered:
D:        dungeon_sprint_1 [red_sonja_temple_1, red_sonja_temple_small_1]

Skill      XL: |  1 |
---------------+----+-----
Fighting       | 5 |  5.6
Long Blades    | 5 |  5.7
Armour         | 3 |  3.2
Dodging        | |  2.9

Action                   || total
-------------------------++-------
Melee: Falchion          ||     5
Invok: Berserk           ||     2
Dodge: Dodged            ||     5
